 Dungeon Crawl Stone Soup version 0.28.0 (webtiles) character file.

Game seed: 11189582290125780164

783 386 the Digger (level 7, -1/42 HPs)
             Began as a Gargoyle Earth Elementalist on Feb 17, 2022.
             Slain by a centaur skeleton (4 damage)
             ... on level 5 of the Dungeon.
             The game lasted 00:40:06 (5142 turns).

386 the Digger (Gargoyle Earth Elementalist)        Turns: 5142, Time: 00:40:06

Health: -1/42      AC:  6    Str: 13    XL:     7   Next: 86%
Magic:  13/13      EV: 12    Int: 22    God:
Gold:   209        SH:  4    Dex: 10    Spells: 13/14 levels left

rFire   . . .      SeeInvis .   p - +1 spear (vamp)
rCold   . . .      Faith    .   f - +0 buckler
rNeg    + . .      Spirit   .   u - +0 robe
rPois   ∞          Reflect  .   (no helmet)
rElec   +          Harm     .   (no cloak)
rCorr   .          Rampage  .   (no gloves)
Will    .....                   (no boots)
Stlth   ++........              (no amulet)
HPRegen 0.14/turn               l - +6 ring of intelligence
MPRegen 0.13/turn               (no ring)

@: no status effects
A: sickness immunity, AC +4, negative energy resistance 1, electricity
resistance, torment resistance 1, petrification resistance
a: no special abilities


You were on level 5 of the Dungeon.
You visited 1 branch of the dungeon, and saw 5 of its levels.

You collected 209 gold pieces.

Inventory:

Hand Weapons
 p - a +1 vampiric spear (weapon)
 r - a +2 dagger of venom
Missiles
 c - 103 stones
Armour
 f - a +0 buckler (worn)
 g - a +0 leather armour
 t - a +0 robe
 u - a +0 robe (worn)
 y - a +0 robe
Jewellery
 l - a +6 ring of intelligence (left hand)
 s - an amulet of the acrobat
Wands
 n - a wand of flame (16)
Scrolls
 e - a scroll of enchant weapon {unknown}
 i - a scroll of torment {unknown}
 j - a scroll of enchant armour {unknown}
 k - a scroll of brand weapon {unknown}
 m - 2 scrolls of identify {unknown}
 x - a scroll of teleportation {unknown}
Potions
 d - a potion of brilliance {unknown}
 h - a potion of degeneration {unknown}
 o - 4 potions of curing {unknown}
 q - a potion of mutation {unknown}
 v - a potion of ambrosia {unknown}
 w - a potion of haste {unknown}


   Skills:
 + Level 3.7 Fighting
 + Level 0.5 Armour
 - Level 3.1 Dodging
 - Level 3.0 Stealth
 + Level 2.7 Shields
 + Level 4.0 Spellcasting
 - Level 2.0 Transmutations
 + Level 5.8 Earth Magic


You had 13 spell levels left.
You knew the following spells:

 Your Spells              Type           Power      Damage    Failure   Level
a - Sandblast             Erth           60%        2d14      1%          1

Your spell library contained the following spells:

 Spells                   Type           Power      Damage    Failure   Level
 Passwall                 Tmut/Erth      17%        N/A       4%          2
 Stone Arrow              Conj/Erth      34%        3d9       13%         3
 Foxfire                  Conj/Fire      16%        2x1d4     14%         1
 Blink                    Tloc           8%         N/A       22%         2
 Ensorcelled Hibernation  Hex/Ice        8%         N/A       22%         2
 Spider Form              Tmut/Pois      8%         N/A       28%         3
 Petrify                  Tmut/Erth      21%        N/A       28%         4
 Conjure Flame            Conj/Fire      4%         6-21      41%         3
 Inner Flame              Hex/Fire       4%         N/A       41%         3
 Lesser Beckoning         Tloc           4%         N/A       41%         3
 Anguish                  Hex/Necr       2%         N/A       82%         4
 Flame Wave               Conj/Fire      4%         2d5       82%         4
 Freezing Cloud           Conj/Ice/Air   2%         6-21      99%         5
 Manifold Assault         Tloc           4%         N/A       99%         5
 Simulacrum               Ice/Necr       2%         N/A       100%        6
 Polar Vortex             Ice            2%         N/A       100%        9


Dungeon Overview and Level Annotations

Branches:
Dungeon (5/15)
 Temple: D:4-7

Altars:
Elyvilon

Shops:
D:4 *

Annotations:
D:3 Grinder


Innate Abilities, Weirdness & Mutations

You are immune to sickness and miasma.
Your stone body is resilient. (AC +4)
You are immune to poison.
You resist negative energy. (rN+)
You are resistant to electric shocks. (rElec)
You are resistant to unholy torment.
You are immune to petrification.


Message History

You closely miss something.
You hear some strange, mumbled words.
Something tries to affect you, but you resist.
You miss something.
Something hits you but does no damage. x2
You miss something. Something hits you.
You hit something but do no damage.
You hear some strange, mumbled words.
A magic dart appears from out of thin air!
The magic dart hits you!
You hit something.
You feel better.
You hear some strange, mumbled words.
Something tries to affect you, but you resist.
You closely miss something. Something hits you but does no damage.
You hit something. Something hits you but does no damage.
You closely miss something. Something hits you.
Something hits you but does no damage.
You miss something.
You hear some strange, mumbled words.
A magic dart appears from out of thin air!
The magic dart hits you.
You barely miss something. Something hits you but does no damage.
You barely miss something. Something hits you but does no damage.
You miss something. Something hits you but does no damage.
You hit something but do no damage. Something hits you but does no damage.
You hit something.
You hear some strange, mumbled words.
A puff of flame appears from out of thin air!
The puff of flame hits you!
* * * LOW HITPOINT WARNING * * *
Something hits you.
* * * LOW HITPOINT WARNING * * *
Something hits you.
* * * LOW HITPOINT WARNING * * *
You climb downwards.
Reactivating autopickup.
The centaur skeleton hits you.
* * * LOW HITPOINT WARNING * * *
You block the centaur skeleton's attack.
The centaur skeleton hits you.
You die...

..#######
......Z.#
#@# #o#
#.# #o#
#.# #..
###


You could see 2 orcs and a centaur skeleton.

Vanquished Creatures
  Sigmund (D:2)
  A black bear (D:4)
  2 scorpions (D:4)
  2 hounds
  2 orc priests (D:4)
  3 iguanas
  An orc wizard (D:4)
  Terence (D:3)
  2 hound skeletons (D:2)
  3 gnolls (D:2)
  3 adders
  2 adder skeletons (D:4)
  2 worms
  4 dart slugs
  6 orcs (D:4)
  5 ball pythons
  2 bats
  3 endoplasms (D:3)
  4 giant cockroaches
  8 hobgoblins
  3 jackals (D:2)
  A quokka (D:2)
  4 frilled lizards
  7 goblins
  4 kobolds
  5 rats
81 creatures vanquished.

Notes
Turn   | Place    | Note
-------+----------+-------------------------------------------
     0 | D:1      | 386 the Gargoyle Earth Elementalist began the quest for the
                  | Orb.
     0 | D:1      | Reached XP level 1. HP: 10/10 MP: 3/3
   418 | D:1      | Reached skill level 1 in Transmutations
   418 | D:1      | Reached XP level 2. HP: 15/15 MP: 3/5
   978 | D:2      | Reached XP level 3. HP: 20/20 MP: 3/6
  1027 | D:2      | Reached skill level 4 in Earth Magic
  1330 | D:2      | Reached skill level 1 in Fighting
  1356 | D:2      | Reached XP level 4. HP: 23/25 MP: 5/7
  1459 | D:2      | Noticed Sigmund
  1484 | D:2      | Killed Sigmund
  1485 | D:2      | Reached XP level 5. HP: 11/30 MP: 1/9
  1758 | D:2      | Reached XP level 6. HP: 26/35 MP: 5/10
  2507 | D:3      | Noticed Grinder
  2570 | D:3      | Found a white marble altar of Elyvilon.
  2574 | D:3      | Noticed Terence
  2594 | D:3      | Killed Terence
  3459 | D:3      | Reached skill level 5 in Earth Magic
  3899 | D:4      | Reached skill level 1 in Shields
  3899 | D:4      | Reached XP level 7. HP: 39/40 MP: 10/12
  4883 | D:4      | Found Saysk's CLEARANCE SALE!.
  5072 | D:5      | Entered Level 5 of the Dungeon
  5142 | D:5      | Slain by a centaur skeleton

Illustrated notes

Levels and vault maps discovered:
D:1:      zelgadis_glass_arrival_large, layout_basic
D:2:      layout_basic, uniq_sigmund
D:3:      layout_loops_corners, mainiacjoe_overflow_alcove_1, uniq_terence,
          uniq_grinder
D:4:      layout_rooms, minivault_4, nicolae_shop_clearance
D:5:      layout_loops_ring, uniq_ijyb

Skill      XL: |  1  2  3  4  5  6  7 |
---------------+----------------------+-----
Transmutations | 1 2 |  2.0
Earth Magic    | 4 5 |  5.8
Dodging        | 2 3 |  3.1
Fighting       | 1 2 3 |  3.7
Stealth        | 3 |  3.0
Spellcasting   | 3 4 |  4.0
Shields        | 1 2 |  2.7
Armour         | |  0.5

Action                   |  1- 3 |  4- 6 |  7- 9 || total
-------------------------+-------+-------+-------++-------
Melee: Unarmed           |    15 |       |       ||    15
       Dagger            |     6 |       |       ||     6
       Spear             |       |    74 |    52 ||   126
 Cast: Sandblast         |    34 |    53 |    38 ||   125
 Stab: Sleeping          |     3 |     3 |       ||     6
Armor: Robe              |     7 |    27 |    26 ||    60
Dodge: Dodged            |    20 |    39 |    21 ||    80
Block: Buckler           |       |       |     7 ||     7
